Map: Romanticide LE

Players

milkicow

  • Race: Terran Terran

DnS - Winner!

  • Race: Protoss Protoss

Event: DreamHack SC2 Masters 2021 Fall

VOD

Have the link to the VOD?

Description

Time

  • Played on: Aug. 8, 2021, 1:42 p.m.
  • Length: 15:22

All games in this series

Show
View Real Time Build Order
Export as new Build Order

milkicow Terran 

Build Orders:  

Get SALT Encoding   

  12  0:00  SCV  
  13  0:12  SCV  
  14  0:17  Supply Depot  
  14  0:24  SCV  
  15  0:39  SCV  
  15  0:40  Barracks  
  16  0:43  Refinery  
  16  0:51  SCV  
  17  1:03  SCV  
  18  1:15  SCV  
  19  1:27  Marine, Orbital Command  
  20  1:42  Command Center  
  20  1:53  SCV  
  21  1:55  Factory  
  21  2:03  Barracks Reactor  
  21  2:05  SCV  
  22  2:09  Supply Depot  
  22  2:14  Refinery  
  22  2:17  SCV  
  23  2:31  SCV  
  24  2:42  Starport  
  24  2:43  SCV  
  25  2:46  Hellion x2  
  28  2:54  Orbital Command  
  28  2:55  SCV  
  29  3:07  SCV  
  29  3:08  Widow Mine x2  
  34  3:19  SCV  
  35  3:20  Medivac  
  35  3:22  SCV  
  35  3:26  Supply Depot  
  38  3:31  SCV  
  38  3:32  Widow Mine  
  38  3:34  SCV  
  42  3:37  Widow Mine  
  43  3:44  SCV  
  43  3:46  SCV, Barracks Tech Lab  
  45  3:50  Bunker  
  45  3:56  SCV  
  45  3:57  Starport Tech Lab  
  45  3:58  SCV  
  45  4:00  Refinery  
  47  4:08  SCV  
  48  4:10  SCV  
  48  4:13  Supply Depot  
  48  4:15  Marine  
  48  4:16  Marine, Siege Tank  
  54  4:20  SCV  
  54  4:22  SCV  
  54  4:23  Barracks  
  52  4:26  Raven  
  52  4:32  SCV  
  52  4:33  Marine  
  52  4:35  SCV  
  55  4:42  Marine  
  55  4:44  SCV  
  55  4:45  Barracks  
  57  4:46  Supply Depot  
  57  4:47  SCV  
  57  4:51  Marine, Siege Tank  
  60  4:56  SCV  
  62  5:00  SCV, Engineering Bay  
  62  5:02  Marine  
  59  5:08  SCV  
  59  5:09  Marine  
  59  5:12  SCV  
  62  5:16  Starport Reactor  
  62  5:17  Stimpack, Marauder  
  62  5:20  SCV  
  65  5:22  Marine  
  65  5:24  SCV  
  65  5:27  Marine  
  68  5:30  Bunker, Supply Depot  
  68  5:32  SCV  
  69  5:36  Barracks Tech Lab  
  69  5:37  Siege Tank  
  69  5:40  Bunker  
  69  5:41  Marine, Marauder  
  69  5:42  SCV  
  76  5:45  SCV  
  76  5:48  Terran Infantry Weapons Level 1  
  77  5:54  Supply Depot  
  74  5:57  Marine  
  74  5:58  Marauder  
  74  6:00  Marine  
  74  6:01  SCV  
  74  6:03  Marauder  
  78  6:06  SCV  
  78  6:10  Medivac  
  72  6:15  Marine  
  72  6:17  Marine  
  67  6:19  Marauder  
  67  6:20  SCV  
  67  6:22  SCV  
  67  6:24  Marauder  
  64  6:31  Siege Tank  
  64  6:32  SCV  
  61  6:42  SCV  
  61  6:46  Marine  
  63  6:48  SCV  
  63  6:52  Marine  
  63  6:54  Marine, SCV  
  66  6:58  Marine  
  66  7:00  SCV  
  69  7:06  SCV  
  70  7:09  Marine  
  70  7:12  SCV, Marauder  
  70  7:15  Medivac  
  76  7:16  Marauder  
  76  7:18  SCV  
  79  7:24  SCV, Siege Tank  
  79  7:29  Marine  
  84  7:30  SCV, Supply Depot  
  84  7:33  Combat Shield  
  84  7:36  Marine, SCV  
  87  7:37  Marine  
  87  7:41  Marauder  
  87  7:42  SCV  
  87  7:47  Marine  
  87  7:48  SCV  
  88  7:54  Marine, SCV  
  88  7:57  Marauder  
  92  8:00  SCV  
  92  8:02  Marine  
  92  8:05  Marine  
  95  8:06  SCV  
  95  8:12  SCV  
  97  8:15  Marine  
  97  8:18  SCV  
  97  8:19  Marauder  
  101  8:25  Supply Depot, Marauder  
  98  8:29  Command Center  
  98  8:31  Marine  
  98  8:33  Marine, SCV  
  96  8:40  Marauder  
  91  8:44  SCV  
  91  8:45  SCV  
  91  8:46  Marauder  
  93  8:48  Marine  
  93  8:51  Barracks x2  
  93  8:53  Refinery  
  94  8:55  Terran Infantry Armor Level 1  
  94  8:56  SCV  
  94  8:59  SCV  
  94  9:01  Medivac  
  95  9:03  Marine  
  95  9:05  Medivac  
  95  9:08  SCV  
  99  9:10  Missile Turret  
  99  9:11  SCV, Supply Depot  
  99  9:12  Marauder  
  99  9:13  Marine  
  105  9:17  Marauder  
  105  9:20  SCV  
  105  9:23  SCV  
  107  9:24  Missile Turret  
  107  9:26  Siege Tank  
  107  9:28  Missile Turret  
  107  9:29  Concussive Shells  
  110  9:32  Marine  
  110  9:34  Supply Depot  
  110  9:37  Marine, Marauder  
  110  9:38  SCV  
  114  9:43  SCV  
  115  9:50  Orbital Command  
  115  9:52  Marine, Marauder  
  113  9:54  Barracks Reactor, Viking, Barracks Tech Lab  
  113  9:55  SCV  
  113  9:56  Marine  
  113  9:58  Supply Depot  
  113  9:59  SCV  
  117  10:01  Marauder  
  119  10:10  Marine  
  119  10:14  Marine, Marauder x2  
  119  10:22  Marine  
  111  10:28  Marine  
  111  10:29  SCV  
  111  10:30  Marine  
  111  10:31  SCV  
  111  10:33  Marine  
  111  10:34  Medivac, Siege Tank  
  111  10:35  SCV, Marauder  
  121  10:36  Marauder  
  121  10:41  SCV, Marauder  
  126  10:43  SCV  
  126  10:47  SCV  
  126  10:48  Engineering Bay  
  126  10:49  Armory  
  128  10:51  Refinery, Supply Depot  
  128  10:52  Refinery, Marine  
  128  10:53  SCV  
  128  10:55  SCV  
  128  10:56  Marine, Marauder  
  134  10:57  Marauder  
  134  10:59  SCV  
  134  11:01  Medivac  
  139  11:05  SCV  
  139  11:07  SCV  
  141  11:12  Command Center  
  141  11:14  Siege Tank  
  141  11:15  SCV, Medivac  
  147  11:19  Bunker  
  147  11:20  Supply Depot  
  147  11:25  SCV  
  148  11:32  Marine  
  148  11:33  Marine, Marauder  
  148  11:34  Marauder  
  148  11:35  SCV  
  155  11:43  Marine  
  155  11:45  Terran Infantry Weapons Level 2  
  155  11:46  Terran Infantry Armor Level 2  
  156  11:50  Marauder  
  156  11:53  Marine  
  156  11:54  SCV, Marauder  
  161  12:05  SCV  
  161  12:07  Marine  
  161  12:08  Marauder  
  165  12:10  Supply Depot, Ghost Academy  
  165  12:14  Barracks  
  165  12:15  Viking x2, Barracks, Siege Tank  
  172  12:21  Marine  
  173  12:23  Marauder x2  
  173  12:28  Sensor Tower  
  173  12:29  Marauder  
  179  12:32  Marine  
  179  12:35  Marine  
  181  12:40  Marine  
  182  12:45  Viking, Marauder x2, SCV  
  182  12:50  Viking, Siege Tank, Ghost  
  196  12:55  Marine  
  195  13:04  Planetary Fortress  
  191  13:05  Ghost  
  191  13:06  Barracks Tech Lab x2, Marauder  
  195  13:17  Marine  
  196  13:21  Command Center  
  196  13:23  Marine, Ghost  
  199  13:29  Marine  
  200  13:37  Refinery  
  200  13:38  Refinery  
  190  13:44  Marauder  
  190  13:46  Marine x2  
  190  13:47  Marauder  
  157  13:49  Marauder  
  157  13:53  Marine  
  157  13:54  Marine, Marauder x2  
  149  14:03  Siege Tank  
  149  14:04  Marine x2  
  149  14:05  Marauder  
  149  14:08  Marauder  
  140  14:11  Marine x2, Marauder  
  140  14:13  SCV  
  140  14:15  SCV, Marauder x2  
  127  14:18  Orbital Command  
  127  14:22  Marine x2  
  108  14:27  Marauder  
  108  14:29  Marine x2, Marauder  
  109  14:32  Orbital Command  
  90  14:47  SCV  
Show
View Real Time Build Order
Export as new Build Order

DnS Protoss - Winner!

Build Orders: 1 Gate Expand, Blink Stalkers 

Get SALT Encoding   

  12  0:00  Probe  
  13  0:12  Probe  
  14  0:17  Pylon  
  14  0:24  Probe (Chrono Boost)  
  15  0:36  Probe (Chrono Boost)  
  15  0:38  Gateway  
  16  0:45  Probe (Chrono Boost)  
  16  0:46  Assimilator  
  17  0:51  Probe  
  18  1:03  Probe  
  19  1:15  Probe  
  20  1:25  Nexus  
  20  1:33  Cybernetics Core  
  20  1:35  Probe  
  21  1:41  Assimilator  
  21  1:47  Probe  
  21  1:49  Pylon  
  22  1:59  Probe (Chrono Boost)  
  23  2:06  Adept (Chrono Boost)  
  23  2:09  Warp Gate  
  23  2:11  Probe (Chrono Boost)  
  26  2:18  Probe (Chrono Boost)  
  27  2:23  Twilight Council  
  27  2:25  Probe (Chrono Boost)  
  28  2:32  Stalker  
  30  2:37  Probe (Chrono Boost)  
  30  2:43  Probe (Chrono Boost)  
  32  2:46  Probe (Chrono Boost)  
  32  2:50  Probe (Chrono Boost)  
  32  2:51  Robotics Facility  
  34  2:53  Probe  
  35  3:02  Gateway  
  35  3:03  Probe  
  37  3:05  Probe  
  37  3:14  Blink (Chrono Boost)  
  37  3:16  Probe  
  37  3:19  Probe  
  39  3:24  Pylon  
  39  3:26  Stalker  
  41  3:32  Shield Battery  
  41  3:38  Probe  
  40  3:42  Gateway  
  40  3:43  Gateway  
  40  3:50  Warp Prism  
  42  3:55  Probe  
  42  3:56  Probe  
  42  4:02  Stalker  
  46  4:08  Probe x2  
  48  4:11  Pylon  
  48  4:14  Stalker  
  50  4:20  Pylon, Probe  
  51  4:35  Stalker  
  51  4:50  Stalker x2  
  51  4:51  Stalker  
  57  4:54  Probe x2  
  57  4:57  Pylon  
  57  4:58  Assimilator  
  57  5:16  Stalker x4  
  66  5:21  Probe x2  
  67  5:33  Pylon  
  67  5:37  Probe x2  
  67  5:39  Stalker x2  
  67  5:40  Stalker  
  75  5:44  Stalker  
  75  5:49  Assimilator  
  77  5:50  Pylon  
  73  6:09  Stalker x4  
  75  6:24  Probe x2  
  67  6:37  Probe  
  64  6:40  Nexus  
  64  6:42  Probe  
  64  6:43  Pylon, Robotics Bay  
  58  6:47  Charge  
  65  6:50  Probe (Chrono Boost)  
  65  6:53  Immortal (Chrono Boost)  
  66  6:54  Probe (Chrono Boost)  
  66  7:01  Forge  
  71  7:02  Probe (Chrono Boost)  
  71  7:06  Probe (Chrono Boost)  
  73  7:10  Probe (Chrono Boost)  
  73  7:11  Sentry  
  73  7:12  Shield Battery, Probe (Chrono Boost)  
  73  7:15  Pylon  
  77  7:16  Probe  
  77  7:21  Stalker x2, Probe  
  81  7:29  Probe  
  82  7:30  Colossus (Chrono Boost)  
  82  7:33  Probe  
  87  7:50  Stalker x4  
  95  7:59  Protoss Ground Weapons Level 1 (Chrono Boost)  
  95  8:02  Probe x2  
  97  8:14  Zealot  
  97  8:15  Zealot x3  
  103  8:20  Gateway x2  
  103  8:24  Gateway  
  99  8:29  Colossus (Chrono Boost)  
  98  8:36  Stalker x4  
  102  8:45  Probe x3  
  103  8:52  Gateway  
  103  8:57  Probe x2  
  103  9:00  Pylon, Probe  
  103  9:01  Sentry  
  103  9:02  Assimilator, Zealot  
  108  9:03  Assimilator  
  108  9:04  Pylon  
  108  9:09  Probe  
  111  9:12  Sentry x2  
  111  9:13  Probe  
  111  9:14  Probe  
  117  9:21  Probe  
  118  9:30  Colossus (Chrono Boost)  
  122  9:37  Extended Thermal Lance  
  122  9:40  Nexus  
  122  9:41  Pylon  
  120  9:51  Zealot x7  
  128  9:55  Templar Archives  
  128  10:00  Zealot  
  115  10:25  Nexus  
  115  10:26  Zealot x6  
  115  10:27  Zealot  
  119  10:44  Nexus  
  119  10:45  Pylon  
  119  10:47  Colossus (Chrono Boost)  
  124  10:56  High Templar x4  
  132  10:57  Zealot x4  
  132  11:01  Archon x2  
  132  11:03  Pylon  
  140  11:04  Protoss Ground Weapons Level 2 (Chrono Boost)  
  140  11:22  Shield Battery  
  140  11:23  Probe x3  
  143  11:28  Zealot  
  143  11:29  Zealot x3  
  151  11:35  Probe x2  
  153  11:42  Stalker x2  
  155  11:53  Warp Prism (Chrono Boost)  
  147  12:10  High Templar x4, Zealot  
  147  12:11  Zealot x3  
  147  12:15  Gateway, Archon x2  
  163  12:16  Gateway  
  163  12:23  Probe x3, Dark Shrine  
  163  12:24  Probe  
  161  12:40  Phoenix  
  159  12:44  Zealot x2  
  159  12:45  Zealot x4  
  159  12:48  Pylon  
  171  12:51  Pylon  
  171  13:20  Stalker  
  171  13:25  Pylon  
  171  13:26  Pylon x2  
  173  13:27  Pylon x2  
  173  13:37  Dark Templar  
  165  13:46  Zealot  
  165  13:47  Zealot x8  
  155  14:08  Dark Templar  
  155  14:09  Dark Templar  
  143  14:10  Stalker x5  
  129  14:30  Sentry, High Templar  
  129  14:31  High Templar  
  131  14:35  Archon  
  119  14:52  Dark Templar  
  121  14:53  Zealot x2  
  121  14:54  Zealot x5  
  121  14:55  Probe x3  
  110  15:09  Zealot x2  
  88  15:15  Stalker, Zealot x2  

Tags
 
Add a new tag
Caveats
  • Supply blocks, unpowered buildings, or Contaminate may cause inaccurate times.
  • Supply counts are checked every 10 seconds.